 Dungeon Crawl Stone Soup version 0.17-a0-157-g289cc6a (webtiles) character file.

290126 PolkaDot the Imperceptible (level 20, -41/147 HPs)
             Began as a Vampire Enchanter on Mar 25, 2015.
             Was the Champion of Ashenzari.
             Killed from afar by a deep elf annihilator (64 damage)
             ... with an iron shot
             ... on level 3 of the Elven Halls on Mar 26, 2015.
             The game lasted 04:35:38 (52686 turns).

PolkaDot the Imperceptible (Vampire Enchanter)     Turns: 52686, Time: 04:35:38

Health: -41/147    AC: 20    Str:  7    XL:     20   Next: 27%
Magic:  19/38      EV: 19    Int: 26    God:    Ashenzari [******]
Gold:   2496       SH:  8    Dex: 18    Spells: 11 memorised, 5 levels left

rFire  + + .     SeeInvis +     V - +8 quick blade (pierce) (curse)
rCold  + + .     Clarity  +     U - +2 troll leather armour {rC+} (curse)
rNeg   + + +     SustAb   .     M - +1 buckler {rN+} (curse)
rPois  +         Gourm    .     r - +2 helmet {Int+3} (curse)
rElec  +         Spirit   .     y - +2 cloak {+Inv} (curse)
rCorr  +         Warding  .     W - +1 pair of gloves {rF+} (curse)
rMut   .         Stasis   .     J - +0 pair of boots (curse)
MR     ++...                    q - amulet of resist corrosion (curse)
Stlth  ++++++++++               P - +5 ring of protection (curse)
                                L - ring of Scepticism {+Blink rElec rF+ SInv} (curse)

@: very slightly contaminated, regenerating slowly, studying Stealth, repel
missiles, invisible, very resistant to hostile enchantments, uncannily stealthy
A: bottle blood, fangs 3, talons 1, see invisible, agile 2, berserk 2,
electricity resistance, spit poison 1, unbreathing
a: Spit Poison, Bat Form, Scrying, Transfer Knowledge, Renounce Religion, Evoke
Blink
}: 1/15 runes: abyssal


You were on level 3 of the Elven Halls.
You worshipped Ashenzari.
Ashenzari was exalted by your worship.
You were thirsty.

You visited 6 branches of the dungeon, and saw 36 of its levels.
You visited the Abyss 3 times.
You also visited: Labyrinth, Bailey, Ice Cave and Volcano.

You collected 3880 gold pieces.
You spent 1384 gold pieces at shops.

Inventory:

Hand weapons
 V - a cursed +8 quick blade of piercing (weapon)
Missiles
 t - 7 throwing nets (quivered)
Armour
 r - a cursed +2 helmet of intelligence (worn)
 y - a cursed +2 cloak of invisibility (worn)
 J - a cursed +0 pair of boots (worn)
 M - a cursed +1 buckler of positive energy (worn)
 U - a cursed +2 troll leather armour of cold resistance (worn)
 W - a cursed +1 pair of gloves of fire resistance (worn)
Jewellery
 b - an uncursed ring of ice
 q - a cursed amulet of resist corrosion (around neck)
 w - an uncursed amulet of regeneration
 D - the cursed ring of Edghi {rF+ rC+ MR+ AC-2 Int-5}
   (You took it off a deep elf knight on level 3 of the Elven Halls)

   [ring of protection]

   It affects your AC (-2).
   It affects your intelligence (-5).
   It protects you from fire.
   It protects you from cold.
   It affects your resistance to hostile enchantments.
   It has a curse placed upon it.
 F - an uncursed ring of fire
 L - the cursed ring of Scepticism (left hand) {+Blink rElec rF+ SInv}
   (You bought it in a shop on level 4 of the Dungeon)

   [ring of see invisible]

   It protects you from fire.
   It insulates you from electricity.
   It enhances your eyesight.
   It lets you blink.
   It has a curse placed upon it.
 P - a cursed +5 ring of protection (right hand)
Magical devices
 e - a wand of heal wounds (0)
 l - a wand of teleportation (1)
 B - a wand of paralysis (17)
 Q - a wand of digging (0)
Scrolls
 c - 4 scrolls of fear
 j - 16 scrolls of teleportation
 k - 13 scrolls of identify
 m - 4 scrolls of recharging
 o - 3 scrolls of fog
 p - 3 scrolls of immolation
 s - 4 scrolls of blinking
 x - 2 scrolls of silence
 A - 3 scrolls of torment
 E - 3 scrolls of vulnerability
 G - 6 scrolls of magic mapping
 I - 8 scrolls of remove curse
 O - 3 scrolls of amnesia
 S - 4 scrolls of summoning
 Y - a scroll of curse jewellery
 Z - a scroll of curse weapon
Potions
 a - a potion of invisibility
 d - 3 potions of haste
 f - 2 potions of curing
 g - a potion of flight
 i - 10 potions of restore abilities
 u - a potion of cure mutation {!q}
 z - 5 potions of brilliance
 C - 6 potions of blood {@*1}
 R - 3 potions of might
 X - 2 potions of resistance
Books
 h - the Collected Works on Execration
   (You found it on level 4 of the Depths)

   Spells                             Type                      Level
   a - Silence                        Hexes/Air                    5
   b - Gell's Gravitas                Hexes/Translocation          5
   c - Invisibility                   Hexes                        6
 n - a book of Minor Magic

   Spells                             Type                      Level
   a - Magic Dart                     Conjuration                  1
   b - Blink                          Translocation                2
   c - Call Imp                       Summoning                    2
   d - Repel Missiles                 Charms/Air                   2
   e - Slow                           Hexes                        2
   f - Conjure Flame                  Conjuration/Fire             3
   g - Mephitic Cloud                 Conjuration/Poison/Air       3
 v - a manual of Stealth


   Skills:
 - Level 10.0 Fighting
 - Level 14.0(18.0) Short Blades
 - Level 5.6(10.1) Dodging
 - Level 25.3(27) Stealth
 - Level 6.0(9.1) Shields
 * Level 12.7 Spellcasting
 + Level 23.3(26.5) Hexes
 + Level 8.6(13.0) Charms
 - Level 7.0(11.5) Translocations
 - Level 5.8(10.3) Transmutations
 - Level 1.2(3.9) Ice Magic
 - Level 6.6(11.2) Evocations


You had 5 spell levels left.
You knew the following spells:

 Your Spells              Type           Power        Failure   Level  Hunger
a - Corona                Hex            #######      0%          1    None
c - Confuse               Hex            ########     0%          3    None
d - Ensorcelled Hibernat  Hex/Ice        ######       0%          2    None
e - Enslavement           Hex            ########     0%          4    None
p - Passwall              Trmt/Erth      #####.....   1%          3    None
q - Blink                 Tloc           N/A          1%          2    None
t - Control Teleport      Chrm/Tloc      ######....   1%          4    None
v - Summon Mana Viper     Hex/Summ       ######..     1%          5    ###....
D - Repel Missiles        Chrm/Air       ######       1%          2    None
I - Invisibility          Hex            ########     1%          6    #####..
S - Darkness              Hex            ########..   1%          7    ######.


Dungeon Overview and Level Annotations

Branches:
Dungeon (15/15)            Temple (1/1) D:7            Lair (8/8) D:10
  Swamp (0/5) Lair:4        Snake (0/5) Lair:3        Slime (0/6) Lair:8
    Orc (4/4) D:12            Elf (3/3) Orc:4        Vaults (0/5) D:14
 Depths (5/5) D:15
    Zot: Depths:5

Altars:
Ashenzari
Cheibriados
Dithmenos
Elyvilon
Fedhas
Gozag
Kikubaaqudgha
Makhleb
Nemelex Xobeh
Okawaru
Qazlal
Ru
Sif Muna
Trog
Vehumet
Xom
Yredelemnul
Zin
The Shining One
Beogh

Shops:
D:4 =?(*   D:11 }   D:15 *   Orc:1 ([   Orc:4 *?}(   Elf:1 (   Elf:2 (

Portals:
Hell: Depths:1 Depths:2
Abyss: Depths:1
Pandemonium: Orc:4 Depths:3
Ziggurat: Depths:2

Annotations:
Elf:2 3 runed doors
Depths:2 exclusions: eye of draining, giant eyeball and 2 shining eyes
Depths:3 4 exclusions


Innate Abilities, Weirdness & Mutations

You heal slowly.
You can bottle blood from corpses.
You have razor-sharp teeth.
You have supernaturally acute eyesight.
You can survive without breathing.
You have sharp toenails.
You are very agile. (Dex +4)
You often lose your temper in combat.
You are resistant to electric shocks.
You can spit poison.


Message History

Anything else - Stay silent.
Gang up on whom?
Press: ? - help, Dir - move target cursor, f - deep elf annihilator, p - deep elf master archer
Aim: a deep elf annihilator, wielding a long sword and wearing a ring of wizardry Attack!
Your mana viper bites the deep elf annihilator!
The deep elf annihilator's magic leaks into the air.
The deep elf master archer wields an uncursed longbow.
The deep elf master archer shoots an arrow.
The arrow hits your mana viper!!!
Your mana viper dies!
The deep elf master archer unwields an uncursed longbow.
The deep elf master archer hits your mana viper!
Your mana viper bites the deep elf master archer.
Casting: Summon Mana Viper
Confirm with . or Enter, or press ? or * to list all spells.
A mana viper appears with a sibilant hiss.
The deep elf annihilator points at you and mumbles some strange words.
The iron shot hits you!
You die...

#........###...##.....,,
#..........#....?......,
#...!.................. ,
#........(...(.........,,
#.......(....(........ ,
##..P.....S..(........
**∆###.....See.(e.......,**
*∆∆{∆
##.....###)###.....**, * ∆∆
**,∆###.@##.....##..#* ,
,,∆ * ∆,####.......####,, *
*, ** ∆ {...........#∆# ,**
*∆#.............#.# * * *
∆'......⌠...(..'}.* * * *
*.............#, ,**
***∆*.............#∆* * *
,, * **,∆,
.............#,∆, * *,,
*###....)..####* ∆


You could see a deep elf master archer, a deep elf annihilator and 2 friendly
mana vipers.

Vanquished Creatures
  Saint Roka (Depths:2)
  A golden dragon (Depths:2)
  A tentacled monstrosity (Depths:3)
  A hellephant (Abyss:3)
  A lich (Depths:3)
  2 deep elf master archers (Elf:3)
  2 deep elf blademasters (Elf:3)
  2 sphinxes
  Frances (D:14)
  4 fire giants
  Donald (Elf:3)
  2 frost giants
  Louise (D:15)
  A caustic shrike zombie (Depths:3)
  A ghost moth (shapeshifter) (Depths:3)
  Gastronok (D:10)
  6 deep elf sorcerers (Elf:3)
  An emperor scorpion (Depths:1)
  An orc warlord (Orc:4)
  A very ugly thing (Depths:3)
  An ironheart preserver (D:15)
  6 stone giants
  A grey draconian (Depths:4)
  6 dire elephants
  3 deep elf annihilators
  6 deep elf demonologists (Elf:3)
  5 ettins
  2 deep elf death magi (Elf:3)
  Snorg (D:14)
  A yaktaur captain (Depths:4)
  Josephine (D:11)
  5 fire dragons
  3 minotaurs
  A deep elf high priest (Elf:3)
  2 vault guards (D:14)
  The ghost of DEFE the Carver, a powerful HOFi of Okawaru (Lair:2)
  2 great orbs of eyes
  11 hydras
  Fannar (D:12)
  Harold (D:13)
  A rakshasa (Depths:2)
  Nessos (D:12)
  A catoblepas (Lair:8)
  4 centaur warriors
  2 dancing weapons (Elf:2)
  4 tengu warriors
  4 orc high priests (Orc:4)
  20 death yaks
  8 ogre magi
  2 deep troll earth magi (Depths:4)
  2 deep troll shamans
  A spriggan berserker (Depths:4)
  19 deep elf knights
  4 soul eaters
  2 storm dragon zombies
  A fire crab (shapeshifter) (D:13)
  12 unseen horrors
  4 skeletal warriors
  2 ice devils (IceCv)
  2 fire crabs
  6 deep trolls
  Erolcha (D:9)
  A death drake (Abyss:1)
  14 deep elf summoners
  A giant orange brain (Depths:1)
  A torturous demonspawn (Orc:4)
  A shadow dragon zombie (Depths:3)
  A wolf spider zombie (D:15)
  19 ugly things
  A necromancer (D:15)
  7 hill giants
  A wizard (D:15)
  9 orc knights
  A stone giant zombie (Depths:3)
  16 deep elf conjurers
  A rust devil (Orc:4)
  A hornet (D:10)
  A draconian (shapeshifter) (D:10)
  A frost giant zombie (Depths:3)
  A griffon (D:14)
  9 orc sorcerers
  3 sixfirhies
  5 cyclopes
  A manticore (D:14)
  An elephant (shapeshifter) (Elf:2)
  A fire giant skeleton (Depths:3)
  A smoke demon (Abyss:3)
  17 elephants
  A small abomination (Elf:3)
  An eye of devastation (Abyss:3)
  An orange demon (Elf:3)
  9 spiny frogs
  4 black mambas
  A naga mage (D:15)
  A frost giant skeleton (Depths:3)
  A torpor snail (Depths:3)
  Psyche (D:11)
  3 gargoyles
  3 kobold demonologists
  8 deep elf priests
  An efreet (D:13)
  4 fire drakes (Lair:6)
  A large abomination (Abyss:3)
  15 yaktaurs
  2 tengu conjurers
  2 red devils
  8 komodo dragons
  A harpy zombie (D:15)
  A queen bee (D:10)
  3 polar bears
  Grinder (D:3)
  3 blue devils
  18 two-headed ogres
  4 trolls
  19 blink frogs
  A boulder beetle (Lair:6)
  8 ravens
  5 basilisks
  18 slime creatures
  3 trapdoor spiders
  A redback (shapeshifter) (Depths:2)
  A redback (Elf:1)
  A water elemental (Depths:4)
  24 yaks
  18 wyverns
  2 shadows
  3 vampires
  7 wraiths
  Eustachio (D:6)
  22 deep elf magi
  A steam dragon (D:11)
  18 deep elf fighters
  12 hippogriffs
  3 ynoxinuls
  7 vampire mosquitoes
  10 wargs
  2 chaos spawn (Orc:4)
  38 wolves
  A tarantella (Elf:1)
  15 water moccasins
  Edmund (D:6)
  3 soldier ants
  2 hell hounds (Lair:6)
  7 porcupines
  4 ice beasts
  6 sky beasts
  5 orc zombies (Orc:4)
  3 phantoms
  2 wasps
  2 black bears
  11 centaurs
  40 orc warriors
  29 ogres
  2 snapping turtle skeletons (Abyss:3)
  2 necrophages
  2 boring beetles
  Sigmund (D:6)
  Duvessa (D:5)
  22 crocodiles
  5 big kobolds
  A gnoll sergeant (D:13)
  21 giant frogs
  2 wyvern skeletons (D:12)
  2 wyvern zombies
  40 killer bees
  6 scorpions
  A water moccasin skeleton (D:10)
  3 wights (D:15)
  Dowan (D:5)
  14 crimson imps
  3 goliath beetles
  5 jellies
  29 orc priests
  A quasit (D:11)
  4 centaur zombies
  2 giant frog zombies
  2 giant frog skeletons
  11 hounds
  8 iguanas
  9 centaur skeletons
  32 orc wizards
  11 hell rats
  6 sheep
  6 worker ants
  Ijyb (D:6)
  An ogre zombie (D:9)
  2 hound skeletons
  2 hound zombies
  3 mummies
  2 worker ant zombies
  19 adders
  15 gnolls
  59 river rats
  3 shadow imps
  4 worms
  2 ufetubi (IceCv)
  2 adder zombies
  4 oozes
  237 orcs
  12 bats
  4 bat skeletons
  13 giant cockroaches
  21 hobgoblins
  2 jackals (D:2)
  26 kobolds
  15 quokkas
  3 giant geckos
  A giant gecko skeleton (D:4)
  4 giant newts
  28 goblins
  A quokka skeleton (D:7)
  25 rats
  10 ballistomycetes
  3 fungi
1544 creatures vanquished.

Vanquished Creatures (collateral kills)
  A shadow dragon (Depths:3)
  An iron dragon (Depths:4)
  5 deep elf sorcerers (Elf:3)
  3 deep elf demonologists (Elf:3)
  4 deep elf annihilators
  A vault guard (D:14)
  2 deep elf high priests (Elf:3)
  A tengu warrior (D:14)
  A deep elf knight (Elf:3)
  A skeletal warrior (Depths:3)
  A deep troll (Depths:2)
  A shadow dragon zombie (Depths:3)
  2 necromancers
  A frost giant zombie (Depths:3)
  2 orange demons
  A gargoyle (D:14)
  A kobold demonologist (D:14)
  A tengu conjurer (D:14)
  Grum (D:12)
  A two-headed ogre (D:15)
  A harpy skeleton (D:15)
  2 deep elf magi
  A hippogriff (D:14)
  A wyvern (Lair:6)
  A wolf (D:12)
  A mottled dragon (D:13)
  An ice beast (D:12)
  2 giant frogs
  A big kobold (D:14)
  3 ogres (D:15)
  2 scorpions (D:13)
  A crimson imp (D:12)
  An orc priest (Orc:4)
  2 ufetubi (Elf:3)
  An orc zombie (Orc:4)
  2 orcs (D:13)
  3 kobolds (D:12)
  A crawling corpse (Elf:3)
59 creatures vanquished.

Vanquished Creatures (others)
  A deep elf sorcerer (Elf:3)
  A deep elf demonologist (Elf:3)
  A vault guard (D:14)
  A deep troll earth mage (Depths:2)
  An orc high priest (Orc:4)
  13 mana vipers (Elf:3)
  A storm dragon skeleton (D:15)
  An orc sorcerer (Orc:4)
  A deep elf summoner (Elf:3)
  A deep troll (Depths:4)
  A troll (D:14)
  A faun (Depths:3)
  An ugly thing (Depths:3)
  A sixfirhy (Elf:3)
  A manticore (D:14)
  A smoke demon (Depths:1)
  A kobold demonologist (D:14)
  2 tengu conjurers (D:15)
  2 two-headed ogres
  2 ravens
  3 blink frogs (Lair:8)
  A deep elf mage (Elf:3)
  A redback (Depths:3)
  A vampire (Depths:3)
  A vampire mosquito (D:13)
  A chaos spawn (Orc:4)
  A deep elf fighter (Depths:1)
  A wolf (D:12)
  A scorpion (D:14)
  A killer bee (D:10)
  An orc zombie (Orc:4)
  A white imp (IceCv)
  4 ufetubi
  3 giant spores
  A rat zombie (D:3)
  3 bushes
  7 fungi
  9 plants
  2 starspawn tentacles (Abyss:3)
  2 starspawn tentacle segments (Abyss:3)
80 creatures vanquished.

Grand Total: 1683 creatures vanquished

Notes
Turn   | Place    | Note
--------------------------------------------------------------
     0 | D:1      | PolkaDot, the Vampire Enchanter, began the quest for the Orb.
     0 | D:1      | Reached XP level 1. HP: 13/13 MP: 3/3
   226 | D:1      | Reached XP level 2. HP: 19/19 MP: 4/4
   238 | D:1      | Learned a level 2 spell: Ensorcelled Hibernation
   557 | D:1      | Reached skill level 5 in Hexes
   764 | D:2      | Reached skill level 1 in Ice Magic
   854 | D:2      | Reached XP level 3. HP: 24/24 MP: 6/6
   940 | D:2      | Found a glowing golden altar of the Shining One.
  1025 | D:2      | Reached skill level 5 in Stealth
  1031 | D:2      | Found a sacrificial altar of Ru.
  1463 | D:3      | Found a shimmering altar of Xom.
  1470 | D:3      | Reached skill level 6 in Hexes
  1470 | D:3      | Reached XP level 4. HP: 28/30 MP: 0/7
  1805 | D:3      | Reached XP level 5. HP: 36/36 MP: 6/9
  1875 | D:3      | Noticed Grinder
  1905 | D:3      | Learned a level 3 spell: Confuse
  1915 | D:3      | Killed Grinder
  1915 | D:3      | Reached XP level 6. HP: 11/47 MP: 0/10
  2763 | D:3      | Reached skill level 7 in Hexes
  3357 | D:4      | Found Gioch's Magic Scroll Emporium.
  3364 | D:4      | Found Efeapuoh's Jewellery Boutique.
  3849 | D:4      | Reached skill level 8 in Hexes
  3849 | D:4      | Reached XP level 7. HP: 35/52 MP: 6/12
  4139 | D:4      | Found Bayck's General Store.
  4259 | D:4      | Learned a level 4 spell: Enslavement
  4475 | D:4      | Found Jouzuo's Weapon Shoppe.
  5242 | D:5      | Entered Level 5 of the Dungeon
  5254 | D:5      | Reached skill level 9 in Hexes
  5305 | D:5      | Noticed Duvessa
  5307 | D:5      | Noticed Dowan
  5307 | D:5      | Gained mutation: You have sharp toenails. [potion of mutation]
  5307 | D:5      | Gained mutation: You can spit poison. [potion of mutation]
  5307 | D:5      | Gained mutation: You are resistant to electric shocks. [potion of mutation]
  5312 | D:5      | Reached XP level 8. HP: 42/60 MP: 8/13
  5323 | D:5      | Killed Duvessa
  5327 | D:5      | Killed Dowan
  6281 | D:6      | Noticed Eustachio
  6295 | D:6      | Killed Eustachio
  6295 | D:6      | Reached skill level 5 in Short Blades
  6295 | D:6      | Reached skill level 10 in Hexes
  6330 | D:6      | Noticed Ijyb
  6338 | D:6      | Killed Ijyb
  6348 | D:6      | Gained mutation: You tend to lose your temper in combat. [potion of mutation]
  6348 | D:6      | Lost mutation: You tend to lose your temper in combat. [potion of mutation]
  6427 | D:6      | Noticed Sigmund
  6441 | D:6      | Killed Sigmund
  6602 | D:6      | Reached skill level 11 in Hexes
  6612 | D:6      | Reached XP level 9. HP: 66/66 MP: 9/14
  6676 | D:6      | Noticed Edmund
  6691 | D:6      | Killed Edmund
  7208 | D:6      | Reached skill level 5 in Fighting
  7475 | D:7      | Reached skill level 12 in Hexes
  7671 | D:7      | Found a shadowy altar of Dithmenos.
  7826 | D:7      | Found a snail-covered altar of Cheibriados.
  7900 | D:7      | Found a staircase to the Ecumenical Temple.
  7916 | Temple   | Entered the Ecumenical Temple
  7925 | Temple   | Became a worshipper of Ashenzari the Shackled
  8281 | D:8      | Reached skill level 10 in Stealth
  9139 | D:8      | Found a burning altar of Makhleb.
  9144 | D:8      | Found a glowing silver altar of Zin.
  9149 | D:8      | Found a white marble altar of Elyvilon.
  9962 | D:9      | Reached XP level 10. HP: 70/74 MP: 9/16
 10121 | D:9      | Noticed Erolcha
 10130 | D:9      | Killed Erolcha
 10338 | D:10     | Entered Level 10 of the Dungeon
 10422 | D:10     | Noticed a cyclops
 10434 | D:10     | Killed a cyclops
 10434 | D:10     | Reached skill level 13 in Hexes
 10450 | D:10     | Noticed a draconian
 10459 | D:10     | Killed a draconian
 10513 | D:10     | Noticed a hornet
 10543 | D:10     | Killed a hornet
 11020 | D:10     | Found a staircase to the Lair.
 11250 | D:10     | Noticed Gastronok
 11417 | D:10     | Killed Gastronok
 11417 | D:10     | Reached XP level 11. HP: 50/86 MP: 8/17
 12086 | D:11     | Reached skill level 10 in Short Blades
 12139 | D:11     | Found Manwaxzuhi's Gadget Shop.
 12473 | D:11     | Acquired Ashenzari's first power
 12587 | D:11     | Noticed Psyche
 12601 | D:11     | Killed Psyche
 12731 | D:11     | Identified the +9 morningstar of Skip {freeze, Str+3 Dex+2} (You found it on level 10 of the Dungeon)
 13042 | D:11     | Noticed Josephine
 13046 | D:11     | Killed Josephine
 13154 | D:11     | Reached skill level 14 in Hexes
 13556 | D:12     | Noticed Fannar
 13581 | D:12     | Noticed a hill giant
 13593 | D:12     | Killed a hill giant
 13601 | D:12     | Noticed an unseen horror
 13607 | D:12     | Killed an unseen horror
 13607 | D:12     | Reached XP level 12. HP: 74/97 MP: 10/18
 14000 | D:12     | Found a staircase to the Orcish Mines.
 14334 | D:12     | Found a blossoming altar of Fedhas.
 14482 | D:12     | Noticed Grum
 14514 | D:12     | Killed Grum
 14755 | D:12     | Noticed an unseen horror
 14766 | D:12     | Killed an unseen horror
 14975 | D:12     | Reached skill level 1 in Evocations
 15039 | D:12     | Killed Fannar
 15727 | D:4      | Bought the ring of Scepticism {+Blink rElec rF+ SInv} for 559 gold pieces
 16015 | D:13     | Noticed a seven-headed hydra
 16078 | D:13     | Killed a seven-headed hydra
 16301 | D:13     | Reached skill level 15 in Hexes
 16387 | D:13     | Reached skill level 10 in Fighting
 16522 | D:13     | Found an opulent altar of Gozag.
 16532 | D:13     | Reached skill level 1 in Shields
 17057 | D:13     | Acquired Ashenzari's second power
 17087 | D:13     | Noticed Harold
 17097 | D:13     | Killed Harold
 17733 | D:14     | Noticed Snorg
 17738 | D:14     | Killed Snorg
 17806 | D:14     | Reached skill level 15 in Stealth
 17806 | D:14     | Reached XP level 13. HP: 103/103 MP: 19/19
 17816 | D:14     | Noticed a sphinx
 17828 | D:14     | Killed a sphinx
 18360 | D:14     | Reached skill level 5 in Shields
 18649 | D:14     | Noticed Frances
 18660 | D:14     | Killed Frances
 18660 | D:14     | Reached skill level 16 in Hexes
 19229 | D:14     | Acquired Ashenzari's third power
 19607 | D:14     | Found a gate to the Vaults.
 19607 | D:14     | Noticed a vault guard
 19607 | D:14     | Noticed a vault guard
 19607 | D:14     | Noticed a vault guard
 19608 | D:14     | Noticed a vault guard
 19630 | D:14     | a vault guard (ally) was killed
 19634 | D:14     | Killed a vault guard
 19756 | D:14     | Killed a vault guard
 19770 | D:14     | Killed a vault guard
 19943 | D:15     | Entered Level 15 of the Dungeon
 19968 | D:15     | Found Jiona's General Store.
 20457 | D:15     | Noticed an ironheart preserver
 20475 | D:15     | Killed an ironheart preserver
 20724 | D:15     | Identified the +9 longbow of Tipsurol {flame, rF+ rN+ SInv}
 21511 | D:15     | Noticed Louise
 21550 | D:15     | Reached XP level 14. HP: 110/110 MP: 13/20
 21554 | D:15     | Reached skill level 17 in Hexes
 21823 | D:15     | Killed Louise
 22156 | D:15     | Learned a level 4 spell: Control Teleport
 22160 | D:15     | Learned a level 3 spell: Passwall
 22700 | Lair:1   | Entered Level 1 of the Lair of Beasts
 23188 | Lair:1   | Acquired Ashenzari's fourth power
 23437 | Lair:2   | Found a labyrinth entrance.
 23460 | Lab      | Entered a labyrinth
 23572 | Lab      | Reached skill level 1 in Transmutations
 23766 | Lab      | Identified the Handbook of Bewitchment
 24756 | Lair:2   | Noticed DEFE's ghost (powerful HOFi)
 24777 | Lair:2   | Killed DEFE's ghost
 25201 | Lair:3   | Found a staircase to the Snake Pit.
 26369 | Lair:4   | Found a staircase to the Swamp.
 26993 | Lair:5   | Reached skill level 5 in Spellcasting
 27026 | Lair:5   | Learned a level 6 spell: Invisibility
 27052 | Lair:5   | Reached skill level 18 in Hexes
 27762 | Lair:6   | Found a frozen archway.
 27766 | IceCv    | Entered an ice cave
 27993 | Lair:6   | Found a dark tunnel.
 27999 | Volcano  | Entered a volcano
 28628 | Lair:6   | Reached XP level 15. HP: 115/115 MP: 29/29
 29616 | Lair:6   | Learned a level 5 spell: Summon Mana Viper
 29951 | D:15     | Bought a scroll of remove curse for 45 gold pieces
 31269 | Lair:7   | Identified the +4 ring mail "Sotsiv" {+Fly SInv}
 31432 | Lair:8   | Entered Level 8 of the Lair of Beasts
 31565 | Lair:8   | Reached skill level 19 in Stealth
 31680 | Lair:8   | Found a staircase to the Slime Pits.
 32294 | Lair:8   | Noticed an acid blob
 32351 | Lair:8   | Identified the +1 halberd "Utyrgh" {freeze, +Blink Str+4}
 32384 | Lair:8   | Identified the Papyrus of Sinister Arts
 33514 | D:12     | Noticed Nessos
 33516 | D:12     | Killed Nessos
 34049 | D:15     | Found a staircase to the Depths.
 34069 | Depths:1 | Entered Level 1 of the Depths
 34152 | Depths:1 | Upgraded the game from 0.17-a0-146-gd505748 to 0.17-a0-157-g289cc6a
 34157 | Depths:1 | Gained mutation: You are agile. (Dex +2) [potion of beneficial mutation]
 34424 | Depths:1 | Reached skill level 10 in Spellcasting
 34424 | Depths:1 | Reached XP level 16. HP: 122/122 MP: 31/33
 34437 | Depths:1 | Learned a level 7 spell: Darkness
 34475 | Depths:1 | Reached skill level 1 in Charms
 34585 | Depths:1 | Found a one-way gate to the infinite horrors of the Abyss.
 34692 | Depths:1 | Gained mutation: You are very agile. (Dex +4) [potion of beneficial mutation]
 34828 | Depths:1 | Reached skill level 20 in Stealth
 35463 | Depths:1 | Reached skill level 5 in Charms
 35541 | Depths:1 | Found a gateway to Hell.
 36442 | Depths:2 | Found a gateway to a ziggurat.
 36576 | Depths:2 | Noticed Saint Roka
 36688 | Depths:2 | Killed Saint Roka
 36844 | Depths:2 | Noticed a golden dragon
 37005 | Depths:2 | Reached skill level 5 in Transmutations
 37303 | Depths:2 | Killed a golden dragon
 37483 | Depths:2 | Reached skill level 21 in Stealth
 37573 | Depths:2 | Reached skill level 1 in Translocations
 37789 | Depths:2 | Reached XP level 17. HP: 128/128 MP: 30/34
 38227 | Depths:3 | Noticed a tentacled monstrosity
 38227 | Depths:3 | Killed a tentacled monstrosity
 38552 | Depths:3 | Reached skill level 22 in Stealth
 38907 | Depths:3 | Found a one-way gate leading to the halls of Pandemonium.
 39147 | Depths:3 | Noticed a lich
 39160 | Depths:3 | Killed a lich
 39160 | Depths:3 | Reached skill level 5 in Translocations
 39334 | Depths:3 | Gained mutation: You tend to lose your temper in combat. [mutagenic glow]
 40231 | Depths:4 | Identified the Collected Works on Execration
 40244 | Depths:4 | Identified a scroll of acquirement
 40526 | Depths:4 | Reached skill level 23 in Stealth
 41550 | Depths:5 | Entered Level 5 of the Depths
 42092 | Depths:1 | Voluntarily entered the Abyss.
 42092 | Abyss:1  | Identified the +10 hunting sling "Lodel" {velocity, Stlth+}
 42094 | Abyss:1  | Found a corrupted altar of Lugonu.
 42225 | Abyss:1  | Found a corrupted altar of Lugonu.
 42249 | Depths:1 | Escaped the Abyss
 42401 | D:15     | Reached XP level 18. HP: 101/134 MP: 30/30
 42511 | Orc:1    | Entered Level 1 of the Orcish Mines
 42569 | Orc:1    | Found a flagged portal.
 42606 | Bailey   | Entered a bailey
 42959 | Bailey   | Reached skill level 5 in Evocations
 43220 | Orc:1    | Lost strength.
 43587 | Orc:1    | Found Ymmish's Antique Weapon Emporium.
 43609 | Orc:1    | Found Agiuwaf's Armour Shop.
 43822 | Orc:1    | Learned a level 2 spell: Repel Missiles
 45035 | Orc:4    | Entered Level 4 of the Orcish Mines
 45126 | Orc:4    | Found a staircase to the Elven Halls.
 45185 | Orc:4    | Found Utafradu's Magic Scroll Boutique.
 45187 | Orc:4    | Found Fregh's General Store.
 45852 | Orc:4    | Found a roughly hewn altar of Beogh.
 46294 | Orc:4    | Reached skill level 24 in Stealth
 46398 | Orc:4    | Found Voubeawn's Gadget Shoppe.
 46398 | Orc:4    | Found Jeteoch's Antique Weapon Emporium.
 46535 | Orc:4    | Bought a scroll of acquirement for 780 gold pieces
 46610 | Elf:1    | Entered Level 1 of the Elven Halls
 46989 | Elf:1    | Found Poywo's Antique Weapon Boutique.
 47608 | Elf:1    | Identified the Disquisition on Scorching Attacks (You found it on level 1 of the Elven Halls)
 48171 | Elf:2    | Reached skill level 25 in Stealth
 48216 | Elf:2    | Found Fuacrar's Antique Weapon Boutique.
 48375 | Elf:2    | Found a runed gate.
 48375 | Elf:2    | Found a runed gate.
 48376 | Elf:2    | Found a runed gate.
 49075 | Elf:3    | Entered Level 3 of the Elven Halls
 49088 | Elf:3    | Found a shimmering altar of Xom.
 49674 | Elf:3    | Noticed Donald
 49674 | Elf:3    | Killed Donald
 49684 | Elf:3    | Reached skill level 5 in Dodging
 49684 | Elf:3    | Reached XP level 19. HP: 140/140 MP: 36/36
 49692 | Elf:3    | Learned a level 2 spell: Blink
 50189 | Elf:3    | Identified the ring "Evochixt" {Fire rPois Dex+2 Slay+2} (You took it off a deep elf knight on level 3 of the Elven Halls)
 50556 | Elf:3    | Identified the cursed ring of Edghi {rF+ rC+ MR+ AC-2 Int-5} (You took it off a deep elf knight on level 3 of the Elven Halls)
 50559 | Elf:3    | Gained mutation: You often lose your temper in combat. [a cacodemon]
 50605 | Elf:3    | Identified the ring "Soweg" {Str+2 Stlth-} (You took it off a deep elf conjurer on level 3 of the Elven Halls)
 50615 | Elf:3    | Identified the ring "Deimaufathu" {+Blink MP+9}
 50615 | Elf:3    | Identified the +6 war axe "Vityugunk" {antimagic, rElec rF++ rC+ Str-3}
 50761 | Elf:3    | Cast into the Abyss (a deep elf sorcerer)
 50771 | Abyss:1  | Found a corrupted altar of Lugonu.
 50867 | Elf:3    | Escaped the Abyss
 50932 | Elf:3    | Reached XP level 20. HP: 94/147 MP: 28/37
 51214 | Elf:3    | Cast into the Abyss (a deep elf demonologist)
 51315 | Abyss:2  | Found a corrupted altar of Lugonu.
 51346 | Abyss:2  | Found a deep blue altar of Sif Muna.
 51346 | Abyss:2  | Found a burning altar of Makhleb.
 51346 | Abyss:2  | Found a shimmering altar of Xom.
 51346 | Abyss:2  | Found an opulent altar of Gozag.
 51346 | Abyss:2  | Found a sparkling altar of Nemelex Xobeh.
 51346 | Abyss:2  | Found an ancient bone altar of Kikubaaqudgha.
 51347 | Abyss:2  | Found a shattered altar of Ashenzari.
 51347 | Abyss:2  | Found a stormy altar of Qazlal.
 51347 | Abyss:2  | Found an iron altar of Okawaru.
 51347 | Abyss:2  | Found a bloodstained altar of Trog.
 51559 | Abyss:3  | Got an abyssal rune of Zot
 51776 | Elf:3    | Escaped the Abyss
 52575 | Elf:3    | Identified the +6 hand axe of Xitierai {holy, *Rage rPois Str+2} (You took it off a deep elf summoner on level 3 of the Elven Halls)
 52686 | Elf:3    | Killed from afar by a deep elf annihilator

Action                   |  1- 3 |  4- 6 |  7- 9 | 10-12 | 13-15 | 16-18 | 19-21 || total
-------------------------+-------+-------+-------+-------+-------+-------+-------++-------
Melee: Dagger            |    87 |    73 |       |       |       |       |       ||   160
       Rapier            |       |    22 |    77 |       |       |       |       ||    99
       Short sword       |       |       |   425 |   440 |  1064 |       |       ||  1929
       Unarmed           |       |       |       |       |     2 |       |       ||     2
       Quick blade       |       |       |       |       |   659 |  1644 |   297 ||  2600
Throw: Throwing net      |       |       |       |       |     1 |       |       ||     1
 Cast: Corona            |     3 |       |       |     2 |       |       |     1 ||     6
       Ensorcelled Hiber |     8 |    18 |    70 |   104 |   152 |   108 |     1 ||   461
       Confuse           |       |     7 |    11 |    37 |    73 |    58 |    14 ||   200
       Enslavement       |       |       |       |    13 |    20 |    18 |     2 ||    53
       Invisibility      |       |       |       |       |    15 |    29 |     6 ||    50
       Passwall          |       |       |       |       |     2 |    26 |    16 ||    44
       Darkness          |       |       |       |       |       |     4 |       ||     4
       Summon Mana Viper |       |       |       |       |       |     4 |    50 ||    54
       Repel Missiles    |       |       |       |       |       |     2 |     1 ||     3
       Blink             |       |       |       |       |       |       |     1 ||     1
Invok: Scrying           |       |       |       |       |       |     2 |       ||     2
 Abil: End Transformatio |       |       |     1 |       |     6 |     3 |     2 ||    12
       Bat Form          |       |       |     1 |       |     6 |     3 |     2 ||    12
       Evoke Invisibilit |       |       |       |       |       |     7 |     3 ||    10
       Turn Visible      |       |       |       |       |       |     4 |     2 ||     6
Evoke: Wand              |       |       |     1 |     8 |     9 |    14 |    14 ||    46
       Deck              |       |       |       |       |       |     8 |     2 ||    10
  Use: Potion            |       |     6 |     4 |     5 |    11 |     7 |    12 ||    45
       Scroll            |       |       |    18 |    16 |    25 |    17 |     7 ||    83
 Stab: Sleeping          |    16 |    16 |    69 |   111 |   253 |   197 |    13 ||   675
       Confused          |       |     3 |     7 |    26 |    40 |    29 |     2 ||   107
       Distracted        |       |     1 |     2 |     2 |    10 |    15 |     7 ||    37
       Betrayed ally     |       |       |       |     1 |     1 |     2 |       ||     4
       Invisible         |       |       |       |       |    69 |   125 |    10 ||   204
       Held in net/web   |       |       |       |       |     2 |       |       ||     2
       Petrifying        |       |       |       |       |     1 |       |       ||     1
       Paralysed         |       |       |       |       |       |     1 |       ||     1
  Eat: Corpse            |       |     1 |     1 |     1 |     2 |     7 |     2 ||    14
